 Dungeon Sprint DCSS version 0.17-a0-1554-g3b847ca (webtiles) character file.

81 nuthulu the Changer (level 4, -3/38 HPs)
             Began as a Naga Transmuter on July 19, 2015.
             Was an Elder of Cheibriados.
             Slain by an ogre
             ... wielding a +0 giant spiked club
              (20 damage)
             ... in the Dungeon (Sprint VII: "The Pits").
             The game lasted 00:01:42 (550 turns).

nuthulu the Changer (Naga Transmuter)                Turns: 550, Time: 00:01:43

Health: -3/38      AC:  2    Str: 23    XL:     4   Next: 40%
Magic:  8/11       EV: 10    Int: 24    God:    Cheibriados [****..]
Gold:   0          SH:  0    Dex: 21    Spells: 3 memorised, 6 levels left

rFire  . . .     SeeInvis +       - Unarmed
rCold  . . .     Clarity  .     b - +0 robe
rNeg   . . .     SustAt   .     (no shield)
rPois  +         Gourm    .     (no helmet)
rElec  .         Spirit   .     (no cloak)
rCorr  .         Warding  .     (no gloves)
rMut   .         NoTele   +     (no barding)
MR     .....                    (no amulet)
Stlth  ++........               (no ring)
                                (no ring)

@: very slightly contaminated, very slow, not resistant to hostile enchantments,
unstealthy
A: see invisible, deformed body, poison resistance, slowness 2, slow metabolism
1, spit poison 2, AC +1
a: Spit Poison, Bend Time, Temporal Distortion, Slouch, Renounce Religion


You were in the Dungeon.
You worshipped Cheibriados.
Cheibriados was greatly pleased with you.
You were not hungry.

You visited 1 branch

Inventory:

Missiles
 a - 12 arrows
Armour
 b - a +0 robe (worn)
Scrolls
 j - a scroll of blinking
Potions
 e - 6 potions of curing
 f - 6 potions of heal wounds
 g - a potion of haste
 h - 4 potions of magic
 i - 3 potions of berserk rage
 m - 2 potions of invisibility
Books
 c - a book of Changes

   Spells                             Type                      Level
   a - Beastly Appendage              Transmutation                1
   b - Sticks to Snakes               Transmutation                2
   c - Spider Form                    Transmutation/Poison         3
   d - Ice Form                       Ice/Transmutation            4
   e - Blade Hands                    Transmutation                5
Comestibles
 d - 8 bread rations
 k - 40 fruits
 l - 7 meat rations


   Skills:
 - Level 1.0 Fighting
 - Level 1.5 Dodging
 - Level 3.0 Unarmed Combat
 + Level 5.7 Spellcasting
 + Level 6.1 Transmutations


You had 6 spell levels left.
You knew the following spells:

 Your Spells              Type           Power        Failure   Level  Hunger
a - Beastly Appendage     Trmt           #####.       1%          1    None
b - Spider Form           Trmt/Pois      ###.......   10%         3    #......
c - Ice Form              Ice/Trmt       ###.....     28%         4    ###....


Dungeon Overview and Level Annotations

Branches:
Dungeon (1/1)

Altars:
Ashenzari
Cheibriados
Dithmenos
Elyvilon
Fedhas
Kikubaaqudgha
Makhleb
Nemelex Xobeh
Okawaru
Ru
Sif Muna
Trog
Vehumet
Xom
Yredelemnul
Zin
The Shining One
Beogh
Jiyva
Lugonu


Innate Abilities, Weirdness & Mutations

You cannot wear boots.
Your serpentine skin is tough (AC +1).
You have supernaturally acute eyesight.
Armour fits poorly on your strangely shaped body.
Your system is resistant to poisons.
You cover ground very slowly.
You have a slow metabolism.
You can spit poison.


Message History

You hit the mummy.
The mummy is almost destroyed.
You bite the mummy!
You destroy the mummy!
Cheibriados thoroughly appreciates the change of pace.
Cheibriados raises the support of your attributes as your movement slows.
Your Transmutations skill increases to level 6!
The ogre hits you with a giant spiked club!!
Ouch! That really hurt!
You hit the ogre but do no damage.
The ogre is poisoned.
Your transformation has ended.
Your +0 robe unmelds from your body.
The ogre hits you with a giant spiked club.
Drink which item? (? for menu, Esc to quit)
Okay, then.
Use which ability? (? or * to list)
You fail to use your ability.
The ogre hits you with a giant spiked club!!
Ouch! That really hurt!
You die...

# #)))'.'..##.....
#)))#.#?(##.....
#######'#####.....
#...........'.....
#'#####'#####.....
#.#..#..#..##.....
#.#..'..#))#####'#
#.#..####))##.....
#@#..#..#))##.....
#O#..#..#[[##.....
#Y##'#..#'###...<.
#n#..)†....##.....
#.#........##.....
#'###########.....
#...h.M.# ######
#..#.#..# #.## #


You could see an ice beast, an ogre and a necrophage.

Vanquished Creatures
  A mummy (D)
  2 adders (D)
  A gnoll (D)
  2 river rats (D)
  A giant eyeball (D)
  2 oozes (D)
  A giant gecko (D)
  A bat skeleton (D)
  2 jackals (D)
13 creatures vanquished.

Notes
Turn   | Place    | Note
--------------------------------------------------------------
     0 | D        | nuthulu the Naga Transmuter began the quest for the Orb.
     0 | D        | Reached XP level 1. HP: 18/18 MP: 3/3
    67 | D        | Found a sacrificial altar of Ru.
    67 | D        | Found a basalt altar of Yredelemnul.
    67 | D        | Found a glowing golden altar of the Shining One.
    67 | D        | Found a deep blue altar of Sif Muna.
    67 | D        | Found a burning altar of Makhleb.
    67 | D        | Found an ancient bone altar of Kikubaaqudgha.
    67 | D        | Found a glowing silver altar of Zin.
    68 | D        | Found a shadowy altar of Dithmenos.
    68 | D        | Found a bloodstained altar of Trog.
    68 | D        | Found a shattered altar of Ashenzari.
    68 | D        | Found a white marble altar of Elyvilon.
    68 | D        | Found a snail-covered altar of Cheibriados.
    68 | D        | Found a blossoming altar of Fedhas.
    68 | D        | Found a radiant altar of Vehumet.
    68 | D        | Found a shimmering altar of Xom.
    68 | D        | Found a sparkling altar of Nemelex Xobeh.
    68 | D        | Found a corrupted altar of Lugonu.
    68 | D        | Found a viscous altar of Jiyva.
    68 | D        | Found a roughly hewn altar of Beogh.
    68 | D        | Found an iron altar of Okawaru.
    73 | D        | Became a worshipper of Cheibriados the Contemplative
    84 | D        | Paralysed by a giant eyeball for 4 turns
    91 | D        | Reached XP level 2. HP: 22/25 MP: 3/6
    91 | D        | Paralysed by a giant eyeball for 4 turns
    98 | D        | Reached skill level 4 in Transmutations
   181 | D        | Acquired Cheibriados's first power
   189 | D        | Reached XP level 3. HP: 11/31 MP: 6/8
   200 | D        | Learned a level 3 spell: Spider Form
   393 | D        | Acquired Cheibriados's second power
   393 | D        | Reached skill level 5 in Transmutations
   398 | D        | Reached skill level 5 in Spellcasting
   402 | D        | Reached XP level 4. HP: 25/38 MP: 2/11
   507 | D        | Learned a level 4 spell: Ice Form
   528 | D        | Noticed an ice beast
   532 | D        | Acquired Cheibriados's third power
   536 | D        | Noticed an ogre
   538 | D        | Noticed a necrophage
   546 | D        | Reached skill level 6 in Transmutations
   550 | D        | Slain by an ogre

Vault maps used:
D:        pitsprint

Action                   |  1- 3 |  4- 6 || total
-------------------------+-------+-------++-------
Melee: Unarmed           |    32 |    12 ||    44
 Cast: Beastly Appendage |     3 |       ||     3
       Spider Form       |     2 |     1 ||     3
